AoeStats
← Strombergs

African Clearing

506311810Analyzed
4v4 RM · 18d ago on Sep 13, 2026· 57m 4s· 8 players
Game mode
Random Map
Map size
Large (8 player)
Population
200
Speed
Normal
Resources
Standard
Victory
Conquest
Starting age
Dark Age
Ending age
Imperial Age
RankedLock teamsTeams togetherTeam positionsShared explorationLock speedFull tech treeHidden civsTurbo modeCheats
Victory
Defeat
🇹🇷 Teutons · Türkiye
927
+15
🇧🇷 Inca · Brazil
922
+15
🇨🇳 Goths · China
918
+15
🇦🇷 Maya · Argentina
843
+18
🇦🇷 Bohemians · Argentina
1017
-22
🇦🇷 Wu · Argentina
1005
-20
🇦🇷 Italians · Argentina
785
-11
🇦🇷 Franks · Argentina
762
-10
Lestat
4:55 Loom
16:55 Feudal Age
17:30 Double-Bit Axe
20:08 Wheelbarrow
26:32 Castle Age
25:01 Horse Collar
25:54 Stone Mining
25:56 Gold Mining
27:27 Squires
28:03 Bow Saw
28:07 Bloodlines
28:05 Heavy Plow
29:25 Stone Shaft Mining
29:51 Hand Cart
30:48 Scale Mail Armor
32:18 Forging
34:12 Chain Mail Armor
36:13 Iron Casting
35:02 Pikeman
35:28 Arson
36:24 Scale Barding Armor
36:57 Elite Skirmisher
44:18 Imperial Age
41:40 Town Watch
42:17 Chain Barding Armor
41:47 Fletching
41:58 Padded Archer Armor
42:22 Ballistics
41:53 Heated Shot
42:14 Masonry
44:23 Capped Ram
45:25 Conscription
46:10 Chemistry
46:12 Ironclad
45:12 Elite Teutonic Knight
48:27 Blast Furnace
47:37 Caravan
49:00 Plate Mail Armor
48:25 Bodkin Arrow
48:46 Leather Archer Armor
49:07 Plate Barding Armor
49:42 Cavalier
50:31 Halberdier
52:41 Town Patrol
52:48 Siege Engineers
55:31 Ring Archer Armor
jenksulivan
5:22 Loom
17:03 Feudal Age
21:37 Castle Age
20:11 Double-Bit Axe
22:57 Pikeman
29:36 Bow Saw
29:17 Gold Mining
29:17 Stone Mining
38:44 Imperial Age
38:16 Wheelbarrow
41:22 Halberdier
42:02 Squires
53:30 Elite Skirmisher
54:17 Padded Archer Armor
54:07 Fletching
54:30 Forging
54:21 Scale Mail Armor
Battosai
5:46 Loom
12:56 Feudal Age
13:51 Town Watch
15:18 Wheelbarrow
22:58 Castle Age
20:47 Double-Bit Axe
20:43 Horse Collar
21:08 Stone Mining
22:37 Gold Mining
23:20 Scale Mail Armor
23:30 Forging
25:05 Hand Cart
24:49 Fletching
25:06 Squires
26:08 Iron Casting
25:24 Eagle Warrior
27:19 Bow Saw
27:17 Fishing Lines
28:15 Padded Archer Armor
28:31 Chain Mail Armor
30:11 Gillnets
30:49 Fletching
31:43 Fletching
32:20 Bodkin Arrow
32:54 Town Patrol
34:51 Town Patrol
35:59 Pikeman
41:27 Imperial Age
40:03 Fervor
39:48 Herbal Medicine
40:21 Treadmill Crane
40:51 Masonry
41:02 Ballistics
41:39 Town Patrol
42:59 Bracer
43:32 Padded Archer Armor
45:30 Elite Skirmisher
46:15 Thumb Ring
46:20 Hul'che Javelineers
46:40 Conscription
47:04 Leather Archer Armor
47:52 Stone Shaft Mining
50:42 Guilds
FishKid
3:44 Loom
14:18 Feudal Age
18:45 Castle Age
17:07 Double-Bit Axe
17:04 Horse Collar
22:03 Wheelbarrow
21:41 Bow Saw
21:36 Heavy Plow
25:36 Hand Cart
25:38 Gold Mining
25:40 Stone Mining
31:25 Scale Mail Armor
31:35 Forging
30:48 Pikeman
31:29 Squires
33:06 Chain Mail Armor
35:25 Imperial Age
33:12 Masonry
33:46 Iron Casting
33:17 Scale Barding Armor
34:21 Light Cavalry
35:12 Bloodlines
35:03 Husbandry
35:10 Anarchy
35:15 Murder Holes
36:19 Perfusion
35:41 Elite Huskarl
36:43 Conscription
37:26 Blast Furnace
37:30 Two-Man Saw
37:08 Crop Rotation
36:28 Halberdier
40:47 Chain Barding Armor
39:52 Hussar
43:47 Chemistry
43:08 Ballistics
43:18 Architecture
43:26 Coinage
43:58 Stone Shaft Mining
43:15 Fletching
Arrebatador De Fisuras♛
3:43 Loom
13:47 Feudal Age
14:15 Double-Bit Axe
14:14 Horse Collar
15:11 Wheelbarrow
23:04 Castle Age
21:59 Stone Mining
24:07 Bow Saw
24:00 Heavy Plow
24:48 Gold Mining
28:01 Gold Shaft Mining
30:18 Hand Cart
32:35 Stone Shaft Mining
33:02 Padded Archer Armor
32:52 Fletching
35:05 Leather Archer Armor
34:45 Bodkin Arrow
35:15 Ballistics
37:13 Red Cliffs Tactics
40:51 Imperial Age
38:49 Treadmill Crane
39:43 Squires
39:04 Pikeman
44:02 Bracer
44:04 Scale Mail Armor
44:15 Forging
49:33 Sitting Tiger
50:48 Chain Mail Armor
51:08 Iron Casting
57:44 Plate Mail Armor
58:15 Blast Furnace
pizzeroloco
9:37 Loom
16:58 Feudal Age
18:48 Wheelbarrow
18:03 Double-Bit Axe
23:34 Castle Age
23:40 Scale Barding Armor
23:45 Forging
26:35 Hand Cart
29:10 Stone Mining
30:34 Husbandry
31:48 Town Watch
35:25 Chain Barding Armor
35:40 Iron Casting
42:15 Imperial Age
40:45 Gold Mining
40:48 Man-at-Arms
41:15 Gambesons
42:46 Cavalier
44:49 Chemistry
44:37 Plate Barding Armor
44:37 Iron Casting
45:45 Paladin
54:01 Gold Shaft Mining
55:06 Caravan
salepaixa II
7:09 Loom
8:39 Loom
16:09 Feudal Age
17:21 Double-Bit Axe
19:24 Town Watch
23:08 Castle Age
24:46 Wheelbarrow
25:16 Husbandry
29:21 Horse Collar
31:12 Scale Barding Armor
32:42 Chain Barding Armor
38:33 Imperial Age
37:08 Chemistry
36:51 Ballistics
38:39 Padded Archer Armor
40:52 Leather Archer Armor
41:27 Wagenburg Tactics
41:43 Conscription
43:05 Hand Cart
43:44 Siege Engineers
46:13 Ring Archer Armor
Strombergs
12:11 Loom
16:58 Feudal Age
17:24 Double-Bit Axe
17:44 Horse Collar
20:53 Fletching
21:04 Padded Archer Armor
21:52 Gold Mining
23:18 Wheelbarrow
22:50 Man-at-Arms
25:10 Forging
26:43 Stone Mining
31:07 Castle Age
31:59 Bow Saw
32:28 Stone Shaft Mining
31:56 Heavy Plow
32:30 Long Swordsman
33:44 Scale Mail Armor
35:10 Iron Casting
37:22 Chain Mail Armor
39:48 Ballistics
39:53 Leather Archer Armor
40:53 Thumb Ring
43:08 Bodkin Arrow
55:12 Imperial Age
Connection lost

Rejoining the realm…

Still unreachable

The connection could not be restored.

Session expired

The server has moved on; the page needs a fresh start.